 Dungeon Crawl Stone Soup version 0.21.1-68-g103a7afc0a (webtiles) character file.

6267 Gargoyl the Cleaver (level 10, -5/86 HPs)
             Began as a Centaur Abyssal Knight on Aug 3, 2018.
             Was a High Priest of Lugonu.
             Shot with an arrow by a centaur (11 damage)
             ... on level 10 of the Dungeon.
             The game lasted 00:24:37 (13027 turns).

Gargoyl the Cleaver (Centaur Abyssal Knight)       Turns: 13027, Time: 00:24:38

Health: -5/86      AC: 17    Str: 16    XL:     10   Next: 62%
Magic:  11/15      EV:  5    Int: 11    God:    Lugonu [*****.]
Gold:   482        SH:  0    Dex: 11    Spells: 9/9 levels left

rFire    + . .     SeeInvis +   a - +3 hand axe
rCold    . . .     Gourm    .   (no shield)
rNeg     + . .     Faith    .   j - +2 chain mail {rF+}
rPois    .         Spirit   .   C - +1 helmet
rElec    .         Reflect  .   (no cloak)
rCorr    .         Harm     .   f - +2 pair of gloves
MR       .....                  (no barding)
Stlth    ..........             (no amulet)
HPRegen  0.24/turn              k - ring of see invisible
MPRegen  0.14/turn              x - ring of positive energy

@: lethally poisoned (-5 -> -18), very quick
A: large, hooves 3, deformed body, speed 2, tough skin 3
a: Depart the Abyss, Bend Space, Banish, Corrupt, Enter the Abyss, Renounce
Religion


You were on level 10 of the Dungeon.
You worshipped Lugonu.
Lugonu was extremely pleased with you.
You were not hungry.

You visited 1 branch of the dungeon, and saw 10 of its levels.
You visited the Abyss 1 time.
You also visited: Sewer.

You collected 482 gold pieces.

Inventory:

Hand Weapons
 a - a +3 hand axe (weapon)
Armour
 f - a +2 pair of gloves (worn)
 j - a +2 chain mail of fire resistance (worn)
 C - a +1 helmet (worn)
Jewellery
 k - a ring of see invisible (left hand)
 x - a ring of positive energy (right hand)
Wands
 b - a wand of iceblast (9)
 e - a wand of disintegration (5)
 l - a wand of digging (10)
 z - a wand of polymorph (16)
Scrolls
 i - 3 scrolls of identify
 o - 2 scrolls of remove curse
 q - a scroll of fog
 r - 3 scrolls of teleportation
 t - 2 scrolls of magic mapping
 B - a scroll of amnesia
Potions
 d - 2 potions of flight
 g - 2 potions of might
 u - a potion of magic
 w - a potion of brilliance
Books
 h - a book of Air

   Spells                             Type                      Level
   a - Shock                          Conjuration/Air              1
   b - Swiftness                      Charms/Air                   2
   c - Static Discharge               Conjuration/Air              3
   d - Airstrike                      Air                          4
   e - Lightning Bolt                 Conjuration/Air              5
 m - a book of Cantrips

   Spells                             Type                      Level
   a - Confusing Touch                Hexes                        1
   b - Animate Skeleton               Necromancy                   1
   c - Summon Small Mammal            Summoning                    1
   d - Apportation                    Translocation                1
Comestibles
 c - 7 rations


   Skills:
 + Level 7.2 Fighting
 + Level 8.4 Axes
 * Level 7.5 Armour
 + Level 1.6 Dodging
 * Level 7.4 Invocations
 + Level 0.5 Evocations


You had 9 spell levels left.
You didn't know any spells.

Dungeon Overview and Level Annotations

Branches:
Dungeon (10/15)            Temple (0/1) D:5             Orc (0/2) D:10
   Lair: D:8-11

Altars:
Elyvilon
Kikubaaqudgha
Makhleb
Okawaru
Uskayaw
Vehumet
Yredelemnul

Shops:
D:9 [


Innate Abilities, Weirdness & Mutations

You have hooves in place of feet.
Armour fits poorly on your strangely shaped body.
You cover ground very quickly.
You have extremely tough skin. (AC +3)


Message History

The killer bee poisons you!
Press: ? - help, Shift-Dir - straight line, f/p - killer bee
Aim: a killer bee (moderately wounded, chance to defeat MR: 90%)
The killer bee is devoured by a tear in reality.
Lugonu claims a new guest.
You feel somewhat more hungry.
* * * LOW HITPOINT WARNING * * *
You feel sick.
The centaur shoots an arrow.
The arrow hits you but does no damage.
The hippogriff bites you but does no damage.
The hippogriff barely misses you.
The hippogriff claws you but does no damage.
The centaur shoots an arrow.
The arrow hits you.
* * * LOW HITPOINT WARNING * * *
A gnoll comes into view. It is wielding a club.
* * * LOW HITPOINT WARNING * * *
You feel sick.
The gnoll shouts!
The centaur shoots an arrow.
The arrow hits you!
You die...

...$.# ....# #...#
. . #...# #.. ..
#...# ...# ...
#...# ....
....###...#####..#
.......(.(§H§@..c#
...:.....######g.#
....###..# g# >..
#..# # . #..# ..
#..# #. #†.#
#$.###<.#
#.......#


You could see a hippogriff, a centaur and 2 gnolls.

Vanquished Creatures
  A hippogriff (D:8)
  A wyvern (D:9)
  9 yaks (D:9)
  4 hungry ghosts
  An ice beast (D:9)
  3 orc warriors
  4 phantoms
  An ogre (D:5)
  2 sky beasts (D:6)
  A centaur (D:9)
  3 big kobolds
  3 bullfrogs
  A water moccasin zombie (D:5)
  3 scorpions
  12 killer bees
  2 howler monkeys
  3 crimson imps
  6 orc priests
  7 orc wizards
  3 hounds
  2 centaur skeletons
  Terence (D:3)
  Natasha (thrice) (D:2)
  An iguana (D:5)
  4 worker ants
  A hound skeleton (D:9)
  A howler monkey zombie (D:5)
  24 gnolls
  12 adders
  3 river rats (Sewer)
  2 shadow imps
  3 oozes
  3 worms
  2 dart slugs
  7 leopard geckos
  24 orcs
  8 bats
  8 giant cockroaches
  2 gnoll zombies (D:7)
  24 hobgoblins
  11 jackals
  3 quokkas
  7 ball pythons
  9 frilled lizards
  26 goblins
  12 kobolds
  9 rats
282 creatures vanquished.

Vanquished Creatures (others)
  A two-headed ogre (D:9)
  A killer bee (D:10)
2 creatures vanquished.

Grand Total: 284 creatures vanquished

Notes
Turn   | Place    | Note
-------+----------+-------------------------------------------
     0 | Abyss:1  | Gargoyl the Centaur Abyssal Knight began the quest for the Orb.
     0 | Abyss:1  | Reached XP level 1. HP: 19/19 MP: 2/2
    56 | Abyss:2  | Found an iron altar of Okawaru.
    70 | Abyss:2  | Noticed a fire dragon zombie
    81 | Abyss:2  | Noticed a quasit
    81 | Abyss:2  | Noticed a large abomination
    89 | Abyss:2  | Found a corrupted altar of Lugonu.
    91 | Abyss:2  | Noticed a death knight
    95 | D:1      | Escaped the Abyss
   110 | D:1      | Reached * piety under Lugonu
   194 | D:1      | Reached XP level 2. HP: 24/26 MP: 3/3
   317 | D:1      | Reached skill level 2 in Axes
   615 | D:1      | Reached XP level 3. HP: 31/31 MP: 4/4
   915 | D:2      | Noticed Natasha
   920 | D:2      | Killed Natasha
  1034 | D:2      | Noticed Natasha
  1040 | D:2      | Killed Natasha
  1040 | D:2      | Reached XP level 4. HP: 18/40 MP: 5/5
  1354 | D:2      | Found a white marble altar of Elyvilon.
  1549 | D:2      | Noticed Natasha
  1556 | D:2      | Killed Natasha
  1556 | D:2      | Reached ** piety under Lugonu
  1726 | D:2      | Reached XP level 5. HP: 39/46 MP: 6/6
  2461 | D:3      | Reached skill level 3 in Axes
  2466 | D:3      | Reached XP level 6. HP: 46/53 MP: 8/8
  2558 | D:3      | Reached *** piety under Lugonu
  2840 | D:3      | Noticed Terence
  2871 | D:3      | Killed Terence
  3230 | D:3      | Reached XP level 7. HP: 53/60 MP: 9/9
  3660 | D:4      | Reached skill level 4 in Axes
  3876 | D:4      | Reached **** piety under Lugonu
  4278 | D:4      | Found a glowing drain.
  4327 | Sewer    | Entered a sewer
  4672 | D:4      | Found an iron altar of Okawaru.
  4843 | D:4      | Found a hide-covered altar of Uskayaw.
  5107 | D:5      | Entered Level 5 of the Dungeon
  5113 | D:5      | Reached XP level 8. HP: 64/67 MP: 11/11
  5214 | D:5      | Reached skill level 5 in Axes
  5384 | D:5      | Reached skill level 5 in Fighting
  5821 | D:5      | Reached skill level 5 in Invocations
  5881 | D:5      | Found an ancient bone altar of Kikubaaqudgha.
  5944 | D:5      | Found a staircase to the Ecumenical Temple.
  6238 | D:6      | Reached skill level 5 in Armour
  6720 | D:6      | Got an ancient whip
  6721 | D:6      | Identified the +5 whip of the Brain {slash, Str-3 Dex+4 SInv} (You found it on level 6 of the Dungeon)
  7110 | D:6      | Found a burning altar of Makhleb.
  7344 | D:7      | Reached skill level 6 in Axes
  7487 | D:7      | Reached XP level 9. HP: 47/74 MP: 13/13
  7785 | D:7      | Found a basalt altar of Yredelemnul.
  9295 | D:8      | Reached skill level 7 in Axes
  9295 | D:8      | Reached skill level 1 in Dodging
 10243 | D:8      | Reached ***** piety under Lugonu
 10982 | D:9      | Found a radiant altar of Vehumet.
 11294 | D:9      | Reached XP level 10. HP: 77/84 MP: 15/15
 11343 | D:9      | Found Gesadde's Antique Armour Boutique.
 11350 | D:9      | Noticed a two-headed ogre
 11358 | D:9      | Banished a two-headed ogre
 11594 | D:9      | Reached skill level 8 in Axes
 12696 | D:10     | Entered Level 10 of the Dungeon
 12699 | D:10     | Found a staircase to the Orcish Mines.
 13027 | D:10     | Shot with an arrow by a centaur

Skill      XL: |  1  2  3  4  5  6  7  8  9 10 |
---------------+-------------------------------+-----
Axes           | 2 3 4 6 7 8 |  8.4
Armour         | 2 3 4 5 6 7 |  7.5
Fighting       | 4 5 6 7 |  7.2
Invocations    | 3 4 5 6 7 |  7.4
Dodging        | 1 |  1.6
Evocations     | |  0.5

Action                   |  1- 3 |  4- 6 |  7- 9 | 10-12 || total
-------------------------+-------+-------+-------+-------++-------
Melee: Hand axe          |    98 |   243 |   592 |   188 ||  1121
       Kick              |    17 |    42 |   105 |    53 ||   217
Invok: Depart the Abyss  |     1 |       |       |       ||     1
       Banish            |       |       |       |     2 ||     2
Evoke: Wand              |       |       |     8 |       ||     8
  Use: Scroll            |     3 |     3 |    19 |       ||    25
       Potion            |       |     1 |    10 |       ||    11
  Eat: Chunk             |       |     5 |    14 |     1 ||    20
       Ration            |       |       |     5 |     3 ||     8
Armor: Plate armour      |   129 |       |       |       ||   129
       Chain mail        |    14 |   222 |   411 |   180 ||   827
Dodge: Dodged            |    13 |    85 |   138 |    47 ||   283
